[Event "Reykjavik Open 2025"]
[Site "Reykjavik"]
[Date "2025.04.13"]
[Round "6.42"]
[White "Deboushnik De"]
[Black "Wartiovaara, Oliver"]
[Result "1/2-1/2"]
[Annotator "ChessBase"]
[ECO "D37"]
[WhiteElo "2038"]
[BlackElo "2359"]
[PlyCount "89"]
[EventDate "2025.04.09"]
[EventType "swiss"]
[EventCountry "ISL"]
[SourceTitle "playchess.com"]
[Source "ChessBase"]
[SourceQuality "1"]
[TimeControl "40/5400+30:1800+30"]

1. d4 d5 2. c4 e6 3. Nf3 Nf6 4. Nc3 Nbd7 5. Qc2 dxc4 6. e4 c5 7. Bxc4 cxd4 8. Nxd4 Bd6 9. Be2 O-O 10. O-O a6 11. Kh1 b5 12. f4 Qb6 13. Be3 Bc5 14. Rad1 Bb7 15. Bg1 Rac8 16. Qb1 b4 17. Na4 Qa7 18. Nxc5 Nxc5 19. e5 Be4 20. Qa1 Qb7 21. Bf3 Nd5 22. Bxe4 Nxe4 23. f5 exf5 24. Nxf5 Rfe8 25. Bd4 Rc2 26. Rc1 Rd2 27. Rcd1 Rc2 28. Rc1 Rec8 29. Rxc2 Rxc2 30. Qd1 Qb5 31. e6 fxe6 32. Nxg7 Qe2 33. Qxe2 Rxe2 34. Nxe6 h6 35. g4 Ng3+ 36. hxg3 Rxe6 37. Rf5 Ne3 38. Bxe3 Rxe3 39. Kg2 Re2+ 40. Rf2 Rxf2+ 41. Kxf2 Kf7 42. Ke3 Kg6 43. Ke4 Kg5 44. Kf3 Kg6 45. Ke4 1/2-1/2

[Event "Reykjavik Open 2025"]
[Site "Reykjavik"]
[Date "2025.04.13"]
[Round "6.43"]
[White "Lohia, Sohum"]
[Black "De Mey, Juan Pablo"]
[Result "1-0"]
[Annotator "ChessBase"]
[ECO "B76"]
[WhiteElo "2354"]
[BlackElo "2030"]
[PlyCount "125"]
[EventDate "2025.04.09"]
[EventType "swiss"]
[EventCountry "ISL"]
[SourceTitle "playchess.com"]
[Source "ChessBase"]
[SourceQuality "1"]
[TimeControl "40/5400+30:1800+30"]

1. e4 c5 2. Nf3 d6 3. d4 cxd4 4. Nxd4 Nf6 5. Nc3 g6 6. Be3 Bg7 7. f3 Nc6 8. Qd2 O-O 9. O-O-O d5 10. exd5 Nxd5 11. Nxc6 bxc6 12. Bd4 e5 13. Bc5 Be6 14. Ne4 Re8 15. h4 h5 16. Bc4 Nf4 17. Bxe6 Qxd2+ 18. Rxd2 Nxe6 19. Be3 f5 20. Nd6 Re7 21. Rhd1 Bf6 22. Bf2 Nf4 23. g3 Ne6 24. c3 Rf8 25. Re2 Rd8 26. Nc4 Rxd1+ 27. Kxd1 Nd8 28. Rd2 Nf7 29. Bc5 Rc7 30. Be3 Be7 31. a4 Kf8 32. a5 Ke8 33. b4 a6 34. Nb6 g5 35. hxg5 Bxg5 36. Re2 Bxe3 37. Rxe3 Ke7 38. Na4 Kf6 39. Nc5 Ra7 40. Ke2 Nd6 41. Rd3 Nb5 42. Kf2 Ke7 43. Kg2 Nd6 44. Kh3 Nf7 45. Kh4 Nd6 46. Kxh5 Ra8 47. g4 Rh8+ 48. Kg6 fxg4 49. fxg4 e4 50. Nxe4 Nc4 51. Rd4 Ne3 52. Nc5 Nd5 53. g5 Rg8+ 54. Kh5 Nxc3 55. Rd7+ Ke8 56. Ra7 Rh8+ 57. Kg4 Rh1 58. Rxa6 Nd5 59. Ra8+ Kf7 60. a6 Nxb4 61. a7 Ra1 62. Rh8 Rg1+ 63. Kf3 1-0

[Event "Reykjavik Open 2025"]
[Site "Reykjavik"]
[Date "2025.04.13"]
[Round "6.44"]
[White "Ruiz Buendia, Miguel"]
[Black "Schwarz, David"]
[Result "1-0"]
[Annotator "ChessBase"]
[ECO "E11"]
[WhiteElo "2353"]
[BlackElo "2028"]
[PlyCount "75"]
[EventDate "2025.04.09"]
[EventType "swiss"]
[EventCountry "ISL"]
[SourceTitle "playchess.com"]
[Source "ChessBase"]
[SourceQuality "1"]
[TimeControl "40/5400+30:1800+30"]

1. d4 e6 2. c4 Bb4+ 3. Bd2 a5 4. Nf3 Nf6 5. e3 b6 6. Bd3 d5 7. cxd5 exd5 8. Qa4+ Bd7 9. Qc2 O-O 10. O-O Re8 11. Bxb4 axb4 12. Nbd2 Ba4 13. b3 Bc6 14. Rfc1 Re7 15. Ne5 Bb7 16. Ndf3 Ne4 17. Bf1 c5 18. Nd2 Rc7 19. Nxe4 dxe4 20. Rd1 Qe7 21. Bc4 cxd4 22. Rxd4 b5 23. Qd2 Na6 24. Bxb5 Rc5 25. Rd7 Qf6 26. Rd1 h6 27. Bc4 Qxe5 28. Bxf7+ Kh7 29. Rxb7 Rc3 30. Bc4 Nc5 31. Rxb4 Nd3 32. Rb5 Qf6 33. Rd5 Rc8 34. Rd4 Rf8 35. Bxd3 exd3 36. Rf4 Rc2 37. Qxd3+ Qg6 38. Qxg6+ 1-0